 Dungeon Crawl Stone Soup version 0.30-a0-458-g86641cc369 (webtiles) character file.

Game seed: 7062313398343641110

160 NinjaNoafa the Magician (level 5, -2/28 HPs)
             Began as a Tengu Air Elementalist on Dec 14, 2022.
             Killed by divine providence
             ... invoked by an orc priest
              (17 damage)
             ... on level 3 of the Dungeon.
             The game lasted 00:05:53 (2950 turns).

NinjaNoafa the Magician (Tengu Air Elementalist)    Turns: 2950, Time: 00:05:54

Health: -2/28      AC:  2    Str:  8    XL:     5   Next: 41%
Magic:  8/13       EV: 14    Int: 18    God:
Gold:   122        SH:  0    Dex: 14    Spells: 6/14 levels left

rFire   . . .      SeeInvis +    d - +0 dagger
rCold   . . .      Faith    .    (no shield)
rNeg    . . .      Spirit   .    a - +0 robe
rPois   .          Reflect  .    (helmet restricted)
rElec   .          Harm     .    (no cloak)
rCorr   .          Rampage  .    (no gloves)
Will    .....                    (boots unavailable)
Stlth   ++........               (no amulet)
HPRegen 0.24/turn                h - ring of see invisible
MPRegen 0.13/turn                (no ring)

@: lethally poisoned (-2 -> -8), flying quickly and evasively, quick
A: beak, talons 3, nimble flight
a: no special abilities


You were on level 3 of the Dungeon.
You visited 1 branch of the dungeon, and saw 3 of its levels.

You collected 122 gold pieces.

Inventory:

Hand Weapons
 d - a +0 dagger (weapon)
Missiles
 c - 16 stones
 g - 2 datura-tipped darts
 p - 6 boomerangs
Armour
 a - a +0 robe (worn)
Jewellery
 h - a ring of see invisible (left hand)
 m - a ring of ice
Wands
 s - a wand of roots (6)
Scrolls
 e - 8 scrolls of identify {unknown}
 f - a scroll of brand weapon {unknown}
 i - a scroll of magic mapping {unknown}
 n - a scroll of teleportation {unknown}
 q - a scroll of enchant weapon {unknown}
 t - a scroll of butterflies {unknown}
Potions
 b - a potion of magic
 j - a potion of berserk rage {unknown}
 k - a potion of cancellation {unknown}
 l - 3 potions of curing {unknown}
 o - a potion of might {unknown}
 r - a potion of mutation {unknown}
 u - a potion of flight {unknown}


   Skills:
 - Level 2.1 Dodging
 - Level 2.0 Stealth
 - Level 5.0 Spellcasting
 + Level 1.6 Conjurations
 + Level 4.1 Air Magic


You had 6 spell levels left.
You knew the following spells:

 Your Spells              Type           Power      Damage    Failure   Level
a - Shock                 Conj/Air       56%        1d6       4%          1
b - Static Discharge      Conj/Air       28%        2-4/arc   6%          2
c - Searing Ray           Conj           20%        2d5       11%         2
d - Swiftness             Air            19%        N/A       8%          3

Your spell library contained the following spells:

 Spells                   Type           Power      Damage    Failure   Level
 Magic Dart               Conj           40%        1d5       7%          1
 Beastly Appendage        Tmut           8%         N/A       13%         1
 Wereblood                Tmut           4%         N/A       21%         2
 Airstrike                Air            9%         2d(2-18)  24%         4
 Inner Flame              Hex/Fire       4%         N/A       36%         3
 Spider Form              Tmut/Pois      4%         N/A       36%         3
 Fulminant Prism          Conj/Hex       3%         3d5       67%         4
 Anguish                  Hex/Necr       2%         N/A       78%         4
 Cause Fear               Hex            2%         N/A       78%         4
 Enfeeble                 Hex            2%         N/A       100%        7
 Discord                  Hex            2%         N/A       100%        8


Dungeon Overview and Level Annotations

Branches:
Dungeon (3/15)

Altars:
Nemelex Xobeh

Shops:
D:2 :


Innate Abilities, Weirdness & Mutations

You have a beak for a mouth.
You have claws for feet.
Your magical nature lets you fly swiftly and evasively.


Message History

The orc priest shouts!
You see here a metallic puce potion.
The zap hits the dart slug.
The dart slug is moderately wounded.
An adder comes into view.
There's nothing to open nearby.
Casting: Shock (safe; 4% risk of failure)
Confirm with . or Enter, or press ? or * to list all spells.
The adder is struck by an arc of lightning.
The adder is heavily wounded.
You are struck by an arc of lightning.
The adder is struck by an arc of lightning.
The adder is severely wounded.
You are struck by an arc of lightning.
The lightning grounds out.
The adder barely misses you. The adder bites you.
You are poisoned.
The adder poisons you!
You closely miss the adder. Your kick misses the adder.
The adder is severely wounded.
You feel sick. The adder bites you.
You are more poisoned.
The adder poisons you!
You feel very sick.
You are too injured to fight recklessly!
Casting: Static Discharge (safe; 6% risk of failure)
Confirm with . or Enter, or press ? or * to list all spells.
Aiming: Shock (safe; 4% risk of failure)
Press: ? - help, Shift-Dir - straight line, f/p - dart slug
Aim: a dart slug (moderately wounded, 100% to hit)
The zap hits the adder.
The adder is severely wounded.
The zap hits the dart slug.
The dart slug is severely wounded.
The zap hits the orc.
The orc is moderately wounded.
You feel sick. The adder barely misses you.
The orc priest mumbles some strange prayers to Beogh against you.
Beogh smites you!
Ouch! That really hurt!
You die...

#. ... ♣♣♣♣ ### .##.♣♣♣...♣ ...
.o.♣..oo ♣♣♣ ..... ♣. #..♣♣♣♣♣♣ .
#o♣♣♣...♣♣♣ ♣
..#.##.o..._...♣♣♣♣♣ ♣♣♣
#.......w...#.....♣♣♣ ♣♣♣..
.......######..S@.......♣♣♣♣♣....
....#.# ##..####.#..........###
......# #..## #.#.........# #
...... #.## #.##.######## # .....
# #.# #.##...# ###### .... .# #.#
#...##.## #..... ...#.# #.##
###...).####..## ..<..# #..#
#...#....##... .g....# ##.#
#...####.###..


You could see an orc priest, an adder, a dart slug and an orc.

Vanquished Creatures
  An orc wizard (D:2)
  A gnoll (D:2)
  4 adders (D:2)
  A worm (D:2)
  3 dart slugs
  8 ball pythons
  7 endoplasms
  3 giant cockroaches
  8 goblins
  10 hobgoblins
  5 jackals
  2 kobolds
  5 quokkas
  6 bats
  7 rats
71 creatures vanquished.

Notes
Turn   | Place    | Note
-------+----------+-------------------------------------------
     0 | D:1      | NinjaNoafa the Tengu Air Elementalist began the quest for
                  | the Orb.
     0 | D:1      | Reached XP level 1. HP: 10/10 MP: 4/4
    29 | D:1      | Reached XP level 2. HP: 10/15 MP: 1/6
   313 | D:1      | Reached skill level 3 in Spellcasting
   424 | D:1      | Reached XP level 3. HP: 19/19 MP: 1/8
   516 | D:1      | Learned a level 2 spell: Static Discharge
  1276 | D:2      | Found Sutotot's Vocational Training.
  1303 | D:2      | Found a faded altar of an unknown god.
  1310 | D:2      | Reached XP level 4. HP: 11/24 MP: 3/10
  1408 | D:2      | Reached skill level 4 in Spellcasting
  2007 | D:2      | Gained mutation: Your magical nature lets you fly swiftly
                  | and evasively. [Tengu growth]
  2007 | D:2      | Reached XP level 5. HP: 18/28 MP: 0/13
  2582 | D:2      | Reached skill level 5 in Spellcasting
  2657 | D:2      | Learned a level 2 spell: Searing Ray
  2661 | D:2      | Learned a level 3 spell: Swiftness
  2890 | D:3      | Found a sparkling altar of Nemelex Xobeh.
  2950 | D:3      | Killed from afar by an orc priest

Illustrated notes

Levels and vault maps discovered:
D:1:      amcnicky_arrival_double_pillar, layout_rooms
D:2:      minmay_razor_zed, layout_loops_ring,
          dreamdust_ecumenical_altar_statues, nicolae_shop_vocational
D:3:      layout_rooms, mainiacjoe_overflow_catch_the_wave,
          grunt_qazlal_sundering

Skill      XL: |  1  2  3  4  5 |
---------------+----------------+-----
Spellcasting   | 3 4 5 |  5.0
Dodging        | |  2.1
Stealth        | |  2.0
Conjurations   | |  1.6
Air Magic      | |  4.1

Action                   |  1- 3 |  4- 6 || total
-------------------------+-------+-------++-------
Melee: Unarmed           |     5 |       ||     5
       Kick              |     5 |       ||     5
       Dagger            |     6 |     6 ||    12
       Peck              |     1 |       ||     1
 Cast: Shock             |    56 |    67 ||   123
       Static Discharge  |     9 |    14 ||    23
       Swiftness         |       |     1 ||     1
Armor: Robe              |    10 |     6 ||    16
Dodge: Dodged            |    34 |    19 ||    53

Table legend: (Time is in decaauts)
 A = Elapsed time spent in this place.
 B = Non-inter-level travel time spent in this place.
 C = Inter-level travel time spent in this place.
 D = Time resting spent in this place.
 E = Time spent auto-exploring this place.
 F = Levels seen in this place.
 G = Mean time per level.
                   A        B        C        D        E       F      G
               +--------+--------+--------+--------+--------+-----+--------+
         Total |   2900 |   2828 |     72 |      0 |   2486 |   3 |  966.7 |
       Dungeon |   2900 |   2828 |     72 |      0 |   2486 |   3 |  966.7 |
               +--------+--------+--------+--------+--------+-----+--------+

Top non-repeatable levels by time:
     D:2: 1789 daAuts
     D:1: 867 daAuts
     D:3: 243 daAuts
